 Dungeon Crawl Stone Soup version 0.18-a0-1045-g4e042de (webtiles) character file.

140 tof the Shield-Bearer (level 5, -4/41 HPs)
             Began as a Demonspawn Fighter on Jan 11, 2016.
             Was an Initiate of Ru.
             Slain by Mygna's ghost (5 damage)
             ... on level 3 of the Dungeon.
             The game lasted 00:07:25 (1934 turns).

tof the Shield-Bearer (Demonspawn Fighter)          Turns: 1934, Time: 00:07:26

Health: -4/41      AC: 11    Str: 16    XL:     5   Next: 2%
Magic:  5/5        EV:  7    Int:  9    God:    Ru [......]
Gold:   24         SH:  0    Dex: 14    Spells: 0 memorised, 4 levels left

rFire  . . .     SeeInvis .     a - +7 spear (flame)
rCold  + . .     Gourm    +     b - +1 scale mail
rNeg   . . .     Faith    .     c - +0 shield
rPois  .         Spirit   .     (helmet restricted)
rElec  .         Dismiss  .     (no cloak)
rCorr  .         Reflect  .     (no gloves)
SustAt .         Harm     .     (no boots)
MR     .....     Rnd*Tele +     n - amulet of the gourmand
Stlth  ..........               r - ring of teleportation (curse)
                                g - ring of protection from cold

@: confused, lethally poisoned (-4 -> -15), flying, not resistant to hostile
enchantments, extremely unstealthy
A: antennae 1, iridescent scales 1, powered by pain 1
a: Renounce Religion, Evoke Teleportation


You were on level 3 of the Dungeon.
You worshipped Ru.
Ru was noncommittal.
You were completely stuffed.

You visited 1 branch of the dungeon, and saw 3 of its levels.

You collected 24 gold pieces.

Inventory:

Hand Weapons
 a - a +7 spear of flaming (weapon)
 s - a +0 trident
Armour
 b - a +1 scale mail (worn)
 c - a +0 shield (worn)
Jewellery
 g - a ring of protection from cold (left hand)
 i - an uncursed ring of see invisible
 n - an amulet of the gourmand (around neck)
 r - a cursed ring of teleportation (right hand)
Scrolls
 e - 2 scrolls of identify
 h - a scroll of magic mapping {unknown}
 j - 3 scrolls of teleportation
 k - a scroll of immolation {unknown}
 l - a scroll of fear {unknown}
 p - a scroll of amnesia
Potions
 m - a potion of poison
Comestibles
 d - 4 chunks of flesh
 f - 2 bread rations
 o - 2 beef jerkies


   Skills:
 + Level 3.5 Fighting
 + Level 2.5 Polearms
 + Level 3.3 Armour
 + Level 1.3 Dodging
 + Level 3.6 Shields


You had 4 spell levels left.
You didn't know any spells.

Dungeon Overview and Level Annotations

Branches:
Dungeon (3/15)

Altars:
Ru
Vehumet

Annotations:
D:3 Mygna's ghost, amateur DsVM


Innate Abilities, Weirdness & Mutations

You have a pair of small antennae on your head.
You are partially covered in iridescent scales (AC +4).
You sometimes gain a little power by taking damage.


Message History

* * * LOW HITPOINT WARNING * * *
x2 You feel sick.
Mygna's ghost hits you.
* * * LOW HITPOINT WARNING * * *
Drink which item? (? for menu, Esc to quit)
It was a potion of flight.
You feel very buoyant.
You fly up into the air.
* * * LOW HITPOINT WARNING * * *
You feel sick.
Mygna's ghost points at you and mumbles some strange words.
The ball explodes into a vile cloud!
The stinking cloud engulfs you!
The stinking cloud engulfs Mygna's ghost.
You're too confused!
You are too injured to fight recklessly!
You are too injured to fight recklessly!
You are too injured to fight recklessly!
You bump into the rock wall.
You are engulfed in noxious fumes.
* * * LOW HITPOINT WARNING * * *
You feel sick. Mygna's ghost hits you.
You die...

##.#####
#.#.>.##
........
.......#
########
........ # #
......# .# ## #
#....####.#... #
........?... #
#.####.#.......#
#.#
#.(W@ยง......#
#.#
######.#.####
#.# #.#.# ## #.#
#.#.# #.. #.#
#.#.# #.# #.#
#...# #.#####.#
#.### #.##.....
#.######.##.#.##
#...........#.#


You could see Mygna's ghost.

Vanquished Creatures
  Jessica (D:2)
  Terence (D:3)
  Robin (D:2)
  An adder (D:2)
  An ooze (D:1)
  A worm (D:3)
  A giant gecko (D:1)
  2 bats (D:1)
  3 giant cockroaches
  15 goblins
  11 hobgoblins
  A quokka (D:3)
  A ball python (D:3)
  5 giant newts
  7 kobolds
  8 rats
60 creatures vanquished.

Notes
Turn   | Place    | Note
--------------------------------------------------------------
     0 | D:1      | tof the Demonspawn Fighter began the quest for the Orb.
     0 | D:1      | Reached XP level 1. HP: 18/18 MP: 1/1
   115 | D:1      | Gained mutation: You have a pair of small antennae on your head. [demonic ancestry]
   115 | D:1      | Reached XP level 2. HP: 22/24 MP: 2/2
   613 | D:1      | Gained mutation: You are partially covered in iridescent scales (AC +4). [demonic ancestry]
   613 | D:1      | Reached XP level 3. HP: 29/29 MP: 3/3
   919 | D:2      | Noticed Jessica
   932 | D:2      | Killed Jessica
  1093 | D:2      | Reached XP level 4. HP: 35/35 MP: 4/4
  1234 | D:2      | Reached skill level 1 in Dodging
  1306 | D:2      | Found a radiant altar of Vehumet.
  1306 | D:2      | Found a sacrificial altar of Ru.
  1310 | D:2      | Became a worshipper of Ru the Awakened
  1416 | D:2      | Noticed Robin
  1448 | D:2      | HP: 1/35 [Robin/spear of flaming (3)]
  1470 | D:2      | Killed Robin
  1748 | D:3      | Noticed Terence
  1761 | D:3      | Killed Terence
  1805 | D:3      | Gained mutation: You sometimes gain a little power by taking damage. [demonic ancestry]
  1805 | D:3      | Reached XP level 5. HP: 38/41 MP: 5/5
  1917 | D:3      | Noticed Mygna's ghost (amateur DsVM)
  1934 | D:3      | HP: 1/41 [poison (a potion of poison)]
  1934 | D:3      | Slain by Mygna's ghost

Vault maps used:
D:1:      dpeg_arrival_court
D:2:      gammafunk_temple_overflow_wave, first_bread, uniq_jessica, uniq_robin
D:3:      yredelemnul_forgotten_temple_becter, uniq_crazy_yiuf_cottage,
          uniq_terence, uniq_natasha

Action                   |  1- 3 |  4- 6 || total
-------------------------+-------+-------++-------
Melee: Trident           |   137 |    57 ||   194
       Spear             |       |    43 ||    43
  Use: Scroll            |       |     7 ||     7
       Potion            |       |     6 ||     6
  Eat: Chunk             |     2 |    12 ||    14
